 Dungeon Crawl Stone Soup version 0.19-a0-414-g76fec5b (webtiles) character file.

25 Skanax the Grave Robber (level 2, -1/19 HPs)
             Began as a Demonspawn Necromancer on May 31, 2016.
             Slain by tstbtto's ghost (8 damage)
             ... on level 3 of the Dungeon.
             The game lasted 00:09:06 (1670 turns).

Skanax the Grave Robber (Demonspawn Necromancer)    Turns: 1670, Time: 00:09:06

Health: -1/19      AC:  3    Str:  8    XL:     2   Next: 86%
Magic:  4/5        EV: 12    Int: 16    God:
Gold:   91         SH:  0    Dex: 13    Spells: 2 memorised, 4 levels left

rFire  . . .     SeeInvis .     h - +0 hand axe
rCold  . . .     Gourm    .     a - +0 robe
rNeg   . . .     Faith    .     (no shield)
rPois  .         Spirit   .     (no helmet)
rElec  .         Dismiss  .     (no cloak)
rCorr  .         Reflect  .     (no gloves)
SustAt .         Harm     .     (no boots)
MR     .....                    (no amulet)
Stlth  ++........               (no ring)
                                (no ring)

@: not resistant to hostile enchantments, unstealthy
A: rugged brown scales 1
a: no special abilities


You were on level 3 of the Dungeon.
You were not hungry.

You visited 1 branch of the dungeon, and saw 3 of its levels.

You collected 91 gold pieces.

Inventory:

Hand Weapons
 h - a +0 hand axe (weapon)
Missiles
 d - 48 arrows
 f - 21 bolts
 i - 21 stones (quivered)
 k - 18 sling bullets
Armour
 a - a +0 robe (worn)
Scrolls
 g - a scroll of identify
 l - a scroll of amnesia {unknown}
 m - a scroll of remove curse
Potions
 e - a potion of lignification
 p - a potion of agility {unknown}
Books
 b - a book of Necromancy

   Spells                             Type                      Level
   a - Pain                           Necromancy                   1
   b - Animate Skeleton               Necromancy                   1
   c - Vampiric Draining              Necromancy                   3
   d - Regeneration                   Charms/Necromancy            3
   e - Animate Dead                   Necromancy                   4
   f - Control Undead                 Necromancy                   4
Comestibles
 c - a bread ration
 j - a fruit
 n - a meat ration
 o - 3 chunks of flesh


   Skills:
 + Level 0.2 Fighting
 + Level 1.7 Dodging
 + Level 1.9 Stealth
 + Level 2.5 Spellcasting
 + Level 4.9 Necromancy


You had 4 spell levels left.
You knew the following spells:

 Your Spells              Type           Power        Failure   Level  Hunger
a - Pain                  Necr           ###.         2%          1    #......
b - Animate Skeleton      Necr           N/A          2%          1    #......


Dungeon Overview and Level Annotations

Branches:
Dungeon (3/15)

Altars:

Annotations:
D:3 tstbtto's ghost, amateur NaCK


Innate Abilities, Weirdness & Mutations

You are partially covered in rugged brown scales. (AC +1, +3% HP)


Message History

Casting: Animate Skeleton
Confirm with . or Enter, or press ? or * to list all spells.
You can't see any susceptible monsters within range! (Use Z to cast anyway.) Unknown command.
You swap places.
Tstbtto's ghost hits you!
You convulse.
Your rat skeleton bites tstbtto's ghost but does no damage.
Your hobgoblin skeleton hits tstbtto's ghost with a club.
Tstbtto's ghost shouts, "You must not succeed where I failed!"
Your rat skeleton bites tstbtto's ghost but does no damage.
You hit tstbtto's ghost but do no damage.
Tstbtto's ghost is lightly damaged.
Your hobgoblin skeleton hits tstbtto's ghost but does no damage.
Tstbtto's ghost closely misses you.
Your rat skeleton bites tstbtto's ghost but does no damage.
You hit tstbtto's ghost but do no damage.
Tstbtto's ghost is lightly damaged.
Your hobgoblin skeleton hits tstbtto's ghost with a club.
Tstbtto's ghost hits you!
You die...

###########
..###...Z.....#.#
........W@.......
....#.#Z......#.#
... #.#.####### .
# #.# ##### #.#
#...# #.#.###...#
#.#..ZZ...#
###.#####...#
...### #...#


You could see tstbtto's ghost, a friendly rat skeleton and a friendly hobgoblin
skeleton.

Vanquished Creatures
  A worm (D:3)
  3 orcs (D:3)
  2 bats (D:1)
  A giant cockroach (D:1)
  3 goblins (D:1)
  3 hobgoblins
  2 giant newts (D:1)
  2 kobolds
  2 rats
19 creatures vanquished.

Vanquished Creatures (collateral kills)
  A hobgoblin (D:1)
1 creature vanquished.

Grand Total: 20 creatures vanquished

Notes
Turn   | Place    | Note
--------------------------------------------------------------
     0 | D:1      | Skanax the Demonspawn Necromancer began the quest for the Orb.
     0 | D:1      | Reached XP level 1. HP: 13/13 MP: 3/3
     3 | D:1      | Learned a level 1 spell: Animate Skeleton
   503 | D:1      | Gained mutation: You are partially covered in rugged brown scales. (AC +1, +3% HP) [demonic ancestry]
   503 | D:1      | Reached XP level 2. HP: 12/19 MP: 1/5
  1346 | D:3      | Noticed tstbtto's ghost (amateur NaCK)
  1670 | D:3      | Slain by tstbtto's ghost

Vault maps used:
D:1:      dpeg_arrival_radiant, minmay_misc_feat_pillars
D:2:      forest_paths, nicolae_overflow_hidden_temple,
          grunt_temple_overflow_open, lemuel_doored_altar, first_bread,
          grunt_ministairs_2, uniq_sigmund
D:3:      minmay_misc_feat_four_crosses, nicolae_ru_great_annihilating_truth,
          uniq_crazy_yiuf_cottage, uniq_terence

Action                   || total
-------------------------++-------
Melee: Unarmed           ||     7
       Hand axe          ||     6
Throw: Stone             ||     4
 Cast: Pain              ||    29
       Animate Skeleton  ||     9
  Use: Scroll            ||     6
  Eat: Fruit             ||     2
       Chunk             ||     1
Armor: Robe              ||     7
Dodge: Dodged            ||    12
